 Dungeon Crawl Stone Soup version 0.30-a0-870-gc5d4c5acee (webtiles) character file.

Game seed: 4715486524267786551

545128 holysushi the Acrobat (level 24, -11/202 HPs)
             Began as a Demonspawn Monk on Mar 11, 2023.
             Was an Initiate of Gozag.
             Killed from afar by Vv (32 damage)
             ... on level 2 of the Depths.
             The game lasted 01:37:01 (48335 turns).

holysushi the Acrobat (Demonspawn Monk)            Turns: 48335, Time: 01:37:01

Health: -11/202    AC: 16    Str: 13    XL:     24   Next: 27%
Magic:  42/42      EV: 47    Int:  9    God:    Gozag
Gold:   6248       SH: 40    Dex: 37    Spells: 53/53 levels left

rFire   + + .      SeeInvis .    c - +8 demon blade "Leech" {evervamp, Harm Drain rN+}
rCold   x x .      Faith    .    O - +10 tower shield of Ignorance {rN+ Int-4}
rNeg    + + +      Spirit   .    R - +3 salamander hide armour {Flames, rFlCloud rF++ rC--}
rPois   +          Reflect  +    M - +0 helmet "Kitroasch" {Dex+5}
rElec   +          Rampage  .    (cloak unavailable)
rCorr   .          NoCast   +    m - +2 pair of gloves of a sewer {rElec Will++}
Will    ++++.      Harm     + +  L - +2 pair of boots "Byatuxex" {rPois rN+}
Stlth   ++++++                   g - amulet "Ruxzehak" {Reflect -Cast Harm Regen+ Dex+2 SH+5}
HPRegen 1.33/turn                Y - ring "Syiwaxaf" {Will+ Dex+5}
MPRegen 0.28/turn                K - +5 ring of evasion

@: mighty, gold aura, studying 3 skills
A: powered by death 3, powered by pain 3, augmentation 3, sharp scales 3,
weakness stinger 3
}: 4/15 runes: barnacled, slimy, silver, gossamer
a: Renounce Religion, Potion Petition, Call Merchant, Bribe Branch


You were on level 2 of the Depths.
You worshipped Gozag.
Gozag was greatly pleased with you.
You visited 11 branches of the dungeon, and saw 49 of its levels.
You also visited: Bailey, Gauntlet, Volcano and Wizlab.

You collected 26854 gold pieces.
You spent 4421 gold pieces at shops.
You paid 16185 gold pieces to Gozag.

Inventory:

Hand Weapons
 a - a +9 rapier of speed
 b - the +6 Majin-Bo {spellvamp, MP+6 Int+6}
   (You acquired it on level 1 of the Elven Halls)

   Int:       It affects your intelligence (+6).
   MP:        It affects your magic capacity (+6).
 c - the +8 demon blade "Leech" (weapon) {evervamp, Harm Drain rN+}
   (You took it off a vault warden on level 5 of the Vaults)

   rN:        It protects you from negative energy.
   Drain:     It drains your maximum health when unequipped.
   Harm:      It increases damage dealt and taken.
Missiles
 D - 2 throwing nets
Armour
 m - the +2 pair of gloves of a sewer (worn) {rElec Will++}
   (You found it on level 1 of the Spider Nest)

   rElec:     It insulates you from electricity.
   Will:      It greatly increases your willpower.
 G - the +4 pair of gloves of Pan-Flutes {rF++ rC++ Int-4}
   (You acquired it on level 2 of the Depths)

   Int:       It affects your intelligence (-4).
   rF:        It greatly protects you from fire.
   rC:        It greatly protects you from cold.
 L - the +2 pair of boots "Byatuxex" (worn) {rPois rN+}
   (You bought it in a shop on level 1 of the Depths)

   rPois:     It protects you from poison.
   rN:        It protects you from negative energy.
 M - the +0 helmet "Kitroasch" (worn) {Dex+5}
   (You acquired it on level 3 of the Vaults)

   Dex:       It affects your dexterity (+5).
 O - the +10 tower shield of Ignorance (worn) {rN+ Int-4}
   (You found it on level 12 of the Dungeon)

   Int:       It affects your intelligence (-4).
   rN:        It protects you from negative energy.
 R - the +3 salamander hide armour (worn) {Flames, rFlCloud rF++ rC--}
   (You took it off a goblin in a bailey)

   Flames:    It surrounds you with flame clouds and enhances your fire magic.
   rFlCloud:  It grants immunity to flame clouds.
   rF:        It greatly protects you from fire.
   rC:        It makes you very vulnerable to cold.
Jewellery
 g - the amulet "Ruxzehak" (around neck) {Reflect -Cast Harm Regen+ Dex+2 SH+5}
   (You found it on level 3 of the Elven Halls)

   [amulet of reflection]

   It reflects blocked missile attacks.
   Dex:       It affects your dexterity (+2).
   -Cast:     It prevents spellcasting.
   Regen:     It increases your rate of health regeneration.
   SH:        It affects your SH (+5).
   Harm:      It increases damage dealt and taken.
 u - a ring of see invisible
 E - the ring of Daffodils {+Blink rPois Will+ Str+6 Dex-3}
   (You took it off a deep elf sorcerer on level 3 of the Elven Halls)

   [ring of strength]

   Str:       It affects your strength (+6).
   Dex:       It affects your dexterity (-3).
   rPois:     It protects you from poison.
   +Blink:    It lets you blink.
   Will:      It increases your willpower.
 K - a +5 ring of evasion (right hand)
 P - an amulet of guardian spirit
 Y - the ring "Syiwaxaf" (left hand) {Will+ Dex+5}
   (You bought it in a shop on level 3 of the Crypt)

   [ring of willpower]

   Dex:       It affects your dexterity (+5).
   Will:      It increases your willpower.
Wands
 q - a wand of iceblast (47)
 H - a wand of quicksilver (9)
 N - a wand of paralysis (24)
 X - a wand of digging (25)
Scrolls
 e - 9 scrolls of vulnerability
 f - 15 scrolls of teleportation
 n - 8 scrolls of enchant armour
 o - 5 scrolls of enchant weapon
 v - 9 scrolls of fog
 x - 12 scrolls of fear
 B - 6 scrolls of magic mapping
 C - a scroll of summoning
 F - 4 scrolls of immolation
 T - 8 scrolls of brand weapon
 U - 2 scrolls of silence
 W - 3 scrolls of poison
Potions
 d - 15 potions of attraction
 h - 7 potions of haste
 i - 9 potions of flight
 j - 10 potions of lignification
 k - 11 potions of berserk rage
 p - 10 potions of mutation
 r - 10 potions of heal wounds
 t - 23 potions of curing
 w - 5 potions of resistance
 y - 7 potions of magic
 z - a potion of cancellation
 A - 6 potions of brilliance
 I - 7 potions of might
 S - 4 potions of invisibility
 Z - 8 potions of ambrosia
Miscellaneous
 l - a condenser vane
 J - a phantom mirror


   Skills:
 + Level 19.5 Fighting
 - Level 14.0(15.7) Short Blades
 + Level 12.0(14.8) Long Blades
 + Level 23.8 Dodging
 - Level 10.0 Stealth
 - Level 15.0 Shields
 - Level 15.0 Spellcasting
 - Level 10.0 Evocations


You had 53 spell levels left.
You didn't know any spells.
Your spell library contained the following spells:

 Spells                   Type           Power      Damage    Failure   Level
 Apportation              Tloc           12%        N/A       38%         1
 Beastly Appendage        Tmut           12%        N/A       38%         1
 Foxfire                  Conj/Fire      40%        2x1d6     38%         1
 Kiss of Death            Conj/Necr      24%        2d7       38%         1
 Necrotise                Necr           24%        1d5       38%         1
 Shock                    Conj/Air       24%        1d4       38%         1
 Slow                     Hex            24%        N/A       38%         1
 Sting                    Tmut/Pois      24%        1d4       38%         1
 Summon Small Mammal      Summ           24%        N/A       38%         1
 Blink                    Tloc           12%        N/A       52%         2
 Cigotuvi's Dreadful Rot  Necr/Pois/Air  12%        N/A       52%         2
 Ensorcelled Hibernation  Hex/Ice        12%        N/A       52%         2
 Lesser Beckoning         Tloc           12%        N/A       52%         2
 Momentum Strike          Conj/Tloc      12%        3d8       52%         2
 Poisonous Vapours        Pois/Air       12%        N/A       52%         2
 Scorch                   Fire           20%        2d6       52%         2
 Static Discharge         Conj/Air       12%        2-3/arc   52%         2
 Sublimation of Blood     Necr           6%         N/A       52%         2
 Wereblood                Tmut           6%         N/A       52%         2
 Call Canine Familiar     Summ           6%         N/A       77%         3
 Confusing Touch          Hex            6%         N/A       77%         3
 Dazzling Flash           Conj/Hex       12%        N/A       77%         3
 Frozen Ramparts          Ice            12%        1d2       77%         3
 Gell's Gravitas          Tloc           6%         N/A       77%         3
 Hailstorm                Conj/Ice       6%         3d4       77%         3
 Ignite Poison            Fire/Tmut/Pois 10%        N/A       77%         3
 Kindle Blastsparks       Fire/Tloc/Air  20%        2d11      77%         3
 Mephitic Cloud           Conj/Pois/Air  6%         N/A       77%         3
 Ozocubu's Armour         Ice            6%         N/A       77%         3
 Portal Projectile        Hex/Tloc       12%        N/A       77%         3
 Spider Form              Tmut/Pois      6%         N/A       77%         3
 Stone Arrow              Conj/Erth      12%        3d7       77%         3
 Summon Guardian Golem    Hex/Summ       6%         N/A       77%         3
 Swiftness                Air            6%         N/A       77%         3
 Teleport Other           Tloc           6%         N/A       77%         3
 Tukima's Dance           Hex            6%         N/A       77%         3
 Vampiric Draining        Necr           6%         2d6       77%         3
 Vhi's Electric Charge    Tloc/Air       12%        N/A       77%         3
 Airstrike                Air            3%         2d(1-17)  99%         4
 Animate Armour           Summ/Erth      12%        N/A       99%         4
 Dispel Undead            Necr           6%         3d8       99%         4
 Flame Wave               Conj/Fire      10%        2d6       99%         4
 Fulminant Prism          Conj/Hex       3%         3d5       99%         4
 Ice Form                 Ice/Tmut       6%         N/A       99%         4
 Iskenderun's Mystic Bla  Conj/Tloc      6%         2d4       99%         4
 Leda's Liquefaction      Hex/Erth       3%         N/A       99%         4
 Manifold Assault         Tloc           6%         N/A       99%         4
 Olgreb's Toxic Radiance  Pois           6%         N/A       99%         4
 Passage of Golubria      Tloc           6%         N/A       99%         4
 Petrify                  Tmut/Erth      6%         N/A       99%         4
 Summon Ice Beast         Ice/Summ       6%         N/A       99%         4
 Summon Lightning Spire   Summ/Air       6%         N/A       99%         4
 Agony                    Necr           6%         N/A       100%        5
 Arcjolt                  Conj/Air       3%         1d13      100%        5
 Blade Hands              Tmut           3%         N/A       100%        5
 Borgnjor's Vile Clutch   Necr/Erth      3%         N/A       100%        5
 Fireball                 Conj/Fire      5%         3d5       100%        5
 Freezing Cloud           Conj/Ice/Air   3%         6-21      100%        5
 Irradiate                Conj/Tmut      3%         3d12      100%        5
 Lightning Bolt           Conj/Air       3%         1d14      100%        5
 Metabolic Englaciation   Hex/Ice        3%         N/A       100%        5
 Silence                  Hex/Air        3%         N/A       100%        5
 Summon Forest            Summ/Tloc      3%         N/A       100%        5
 Yara's Violent Unravell  Hex/Tmut       3%         3d4       100%        5
 Conjure Ball Lightning   Conj/Air       3%         3x3d6     100%        6
 Death Channel            Necr           3%         N/A       100%        6
 Iron Shot                Conj/Erth      3%         9d2       100%        6
 Starburst                Conj/Fire      5%         6d4       100%        6
 Statue Form              Tmut/Erth      4%         N/A       100%        6
 Dragon Form              Tmut           3%         N/A       100%        7
 Enfeeble                 Hex            3%         N/A       100%        7
 Malign Gateway           Summ/Tloc      3%         N/A       100%        7
 Ozocubu's Refrigeration  Ice            3%         4d8       100%        7
 Spellforged Servitor     Conj/Summ      3%         N/A       100%        7
 Storm Form               Tmut/Air       3%         N/A       100%        7
 Summon Hydra             Summ           3%         N/A       100%        7
 Borgnjor's Revivificati  Necr           3%         N/A       100%        8
 Discord                  Hex            3%         N/A       100%        8
 Disjunction              Tloc           3%         N/A       100%        8
 Ignition                 Fire           5%         3d4       100%        8
 Lehudib's Crystal Spear  Conj/Erth      3%         10d2      100%        8
 Maxwell's Capacitive Co  Air            3%         ∞         100%        8
 Chain Lightning          Conj/Air       3%         3d4       100%        9
 Fire Storm               Conj/Fire      5%         8d1       100%        9
 Shatter                  Erth           3%         3d7*      100%        9
 Animate Dead             Necr           Unusable   N/A       N/A         4
 Simulacrum               Ice/Necr       Unusable   N/A       N/A         6

Dungeon Overview and Level Annotations

Branches:
Dungeon (15/15) Zot: 25081  Temple (1/1) D:6 Zot: 5876    Lair (5/5) D:10 Zot: 24636
 Shoals (4/4) Lair:3 Zot: 20603  Spider (4/4) Lair:2 Zot: 20725   Slime (5/5) Lair:4 Zot: 26608
    Orc (2/2) D:10 Zot: 10062     Elf (3/3) Orc:2 Zot: 14369  Vaults (5/5) D:13 Zot: 22791
  Crypt (3/3) Vaults:3 Zot: 14786    Tomb (0/3) Crypt:3      Depths (2/4) D:15 Zot: 10004
 Bailey (visited)         Volcano (visited)          WizLab (visited)
Gauntlet (visited)

Altars:
Ashenzari
Cheibriados
Dithmenos
Fedhas
Gozag
Hepliaklqana
Kikubaaqudgha
Makhleb
Nemelex Xobeh
Okawaru
Qazlal
Ru
Sif Muna
Trog
Uskayaw
Vehumet
Wu Jian
Xom
Yredelemnul
Jiyva
Lugonu

Shops:
D:12 :   D:15 (([   Orc:1 !   Orc:2 (*?(   Shoals:2 (   Shoals:3 *   Vaults:1 ?
Vaults:2 !   Vaults:3 !   Vaults:4 (   Crypt:3 =*   Depths:1 *==[[(**

Portals:
Hell: Depths:1
Abyss: Depths:1

Annotations:
D:2 exclusion: downstairs
D:5 1 runed translucent door, Crazy Yiuf
D:7 exclusion: downstairs
D:8 3 runed translucent doors, bronco's ghost, novice MiMo
D:11 1 runed translucent door, 1 exclusion
Lair:3 3 runed translucent doors, Nabski's ghost, journeyman TeFE
Elf:2 4 runed translucent doors
Depths:2 Grunn; Vv


Innate Abilities, Weirdness & Mutations

You regenerate a lot of health from kills.
You are powered by pain.
Your magical and physical power is greatly enhanced at high health.
You are completely covered in razor-sharp scales. (AC +3, Slay +3)
You have a sharp stinger which inflicts weakening toxins.


Message History

You block Vv's attack. x2
The doom hound is engulfed in blazing flames.
The doom hound bites you but does no damage.
The doom hound claws you.
* * * LOW HITPOINT WARNING * * *
You slice the doom hound!!
The doom hound is almost dead.
The doom hound unleashes a terrible howl, but you resist with almost no effort.
The doom hound is engulfed in blazing flames.
The doom hound unleashes a terrible howl, but you resist with almost no effort.
You block Vv's attack. x2
You slash the doom hound!
You kill the doom hound!
Vv completely misses you. You block Vv's attack.
You slice the doom hound!! You tail-slap the doom hound!
The doom hound looks weaker.
The doom hound is heavily wounded.
The doom hound is engulfed in blazing flames.
The doom hound completely misses you. x2; You block Grunn's attack.
Vv is engulfed in blazing flames.
You block Vv's attack. Vv hits you!
* * * LOW HITPOINT WARNING * * *
You are engulfed in flames!
You resist.
* * * LOW HITPOINT WARNING * * *
Blink to where?
Press: ? - help, Dir - move target
As you read the scroll of blinking, it crumbles to dust.
The doom hound is engulfed in blazing flames.
The doom hound unleashes a terrible howl, but you resist with almost no effort.
Grunn is engulfed in blazing flames.
A vampire knight comes into view. It is wielding a +0 great mace.
The vampire knight is distracted by your dazzling golden aura.
The vampire knight is no longer distracted by gold.
There is a stone staircase leading up here.
The vampire knight casts a spell.
The vampire knight flickers and vanishes!
Deactivating autopickup; reactivate with Ctrl-A.
Vv rends the earth beneath you! The blast of magma engulfs you!!
You partially resist.
You die...
Your body crumbles into a pile of gold.

....#...#....
......#......#........
#.....................
.................$... .
#........####.9§....#
..##{...........g.$.###.
#.............9.h.....#. ...
#.....☼☼○..#............
.....#.....☼@§☼.#............
#.....#.....°○☼○☼#........#...
#.....#......☼°☼.h............
####.....#.......○°☼..?..........
......................#######....
?.......#....#.#.......#.###.....
........#.#.#..........+.......#.
............#.....##...#.......##
.......................#.........


You could see Vv and a doom hound (weak).

Vanquished Creatures
  the Royal Jelly (Slime:5)
  Khufu (Crypt:3)
  An ancient lich (Crypt:1)
  Mara (Elf:3)
  A royal mummy (Crypt:3)
  Josephina (Crypt:3)
  Bai Suzhen (Spider:4)
  Head Instructor (WizLab)
  Xtahua (Vaults:2)
  3 caustic shrikes (Depths:2)
  A golden dragon (Vaults:5)
  Nikola (Vaults:3)
  2 bone dragons (Depths:2)
  A doom hound (Depths:2)
  A shard shrike zombie (Crypt:3)
  Jorgrun (D:12)
  Zenata (Vaults:1)
  Asterion (Elf:3)
  3 tentacled monstrosities
  3 quicksilver dragons
  A lich (Depths:2)
  9 acid blobs (Slime:5)
  A deep elf blademaster (Elf:3)
  3 titans
  A deep elf master archer (Elf:3)
  3 ancient champions
  3 sphinxes
  Kirke (Lair:4)
  12 tengu reavers
  A storm dragon (Vaults:4)
  2 revenants
  Donald (Elf:3)
  7 shadow dragons
  3 fire giants
  3 azure jellies
  6 rockslimes (Slime:5)
  20 vault wardens
  9 deep elf sorcerers
  2 frost giants (Vaults:5)
  An iron dragon (Depths:1)
  3 emperor scorpions
  6 curse skulls
  Aizul (Vaults:2)
  5 ghost moths
  2 orc warlords
  7 ghouls
  3 deep elf elementalists (Elf:3)
  4 quicksilver oozes (Slime:5)
  11 very ugly things
  5 war gargoyles
  5 broodmothers
  4 deep elf demonologists
  17 ironbound preservers
  12 ironbound thunderhulks
  9 stone giants
  18 vampire knights
  Nessos (D:12)
  23 dire elephants
  A red draconian (Volcano)
  A spark wasp (Spider:4)
  9 deep elf annihilators
  11 deep elf death magi
  6 eidola
  A quicksilver dragon zombie (Crypt:3)
  5 ettins
  A crystal guardian (Vaults:3)
  6 merfolk impalers (Shoals:4)
  4 deep elf high priests
  An acid blob zombie (Crypt:1)
  13 yaktaur captains
  A fire dragon (Depths:1)
  13 jiangshi
  A merfolk javelineer (Shoals:4)
  9 great orbs of eyes
  33 vault guards
  4 catoblepae
  7 entropy weavers
  4 spriggan zombies
  4 peacekeepers
  4 ogre magi
  12 centaur warriors
  2 hell beasts (Depths:1)
  4 spriggan air magi
  3 death knights (Crypt:1)
  7 hydras
  2 rakshasas
  A merfolk aquamancer (Shoals:1)
  2 jorogumos
  An alligator snapping turtle (Shoals:4)
  4 satyrs
  11 ironbound frosthearts
  A spriggan skeleton (Crypt:1)
  8 two-headed ogres
  5 radroaches
  An anaconda (shapeshifter) (Vaults:5)
  6 boulder beetles
  20 dancing weapons
  4 deep troll shamans
  6 tengu warriors
  4 merfolk avatars
  12 death yaks (Lair:5)
  18 vampire magi
  3 deep troll earth magi
  2 hell knights
  4 orc high priests
  A storm dragon zombie (Crypt:2)
  5 skysharks
  13 deep elf knights
  2 sun demons (Shoals:2)
  4 iron trolls
  A skyshark (shapeshifter) (Vaults:5)
  Nergalle (D:10)
  5 pharaoh ants
  A shadow wraith (Vaults:5)
  5 soul eaters
  7 sun moths
  2 salamander mystics (WizLab)
  26 skeletal warriors
  A storm dragon skeleton (Crypt:1)
  60 deep trolls
  11 sea snakes
  An anaconda zombie (Crypt:3)
  5 flayed ghosts
  A steelbarb worm (shapeshifter) (Vaults:4)
  3 orb spiders
  2 bog bodies
  16 ironbound convokers
  An elf simulacrum (Crypt:3)
  A glowing orange brain (Slime:5)
  A spriggan simulacrum (Crypt:3)
  A bunyip skeleton (Crypt:3)
  A golden dragon skeleton (Crypt:1)
  9 deep elf archers
  A fenstrider witch simulacrum (Crypt:3)
  2 anaconda skeletons
  8 necromancers
  10 wizards
  Pikel (D:6)
  5 steelbarb worms
  9 lindwurms
  A shadow dragon zombie (Depths:1)
  20 harpies
  32 deep elf pyromancers
  25 phantasmal warriors
  11 orc knights
  A mana viper (shapeshifter) (Vaults:4)
  20 deep elf zephyrmancers
  5 orc sorcerers (Orc:2)
  5 mana vipers (WizLab)
  An oklob plant (Lair:5)
  An eleionoma zombie (Crypt:3)
  26 ugly things
  14 wolf spiders
  7 cyclopes
  21 fauns
  15 manticores
  15 elephants
  4 moths of wrath (Spider:4)
  11 merfolk sirens
  5 demonic crawlers
  A black mamba (shapeshifter) (Vaults:5)
  3 water nymphs
  4 black mambas
  A dire elephant zombie (Crypt:3)
  An eye of devastation (Slime:1)
  A water nymph (shapeshifter) (Vaults:5)
  Maggie (Lair:1)
  2 torpor snails
  An elephant slug zombie (Crypt:3)
  5 gargoyles
  An unseen horror (D:12)
  16 vault sentinels
  A kobold demonologist (Bailey)
  A molten gargoyle (Depths:1)
  13 cane toads
  A spark wasp simulacrum (Depths:1)
  An orb spider zombie (Crypt:1)
  A catoblepas skeleton (Crypt:2)
  8 komodo dragons
  A yaktaur (shapeshifter) (Vaults:5)
  A rime drake (Lair:5)
  A white draconian skeleton (Crypt:2)
  38 yaktaurs
  A bunyip simulacrum (Crypt:3)
  An unseen horror skeleton (Crypt:2)
  5 freezing wraiths
  4 guardian mummies (Crypt:3)
  A yellow draconian skeleton (Crypt:3)
  A hydra zombie (Crypt:3)
  A purple draconian skeleton (Crypt:2)
  20 merfolk
  3 meliai (Spider:2)
  3 polar bears
  A queen bee (shapeshifter) (Vaults:5)
  6 trolls
  4 harpy zombies
  6 wind drakes
  A fire dragon zombie (Crypt:1)
  A wind drake (shapeshifter) (Vaults:5)
  A hornet (D:8)
  31 tarantellas
  12 snapping turtles
  15 dream sheep
  79 slime creatures
  9 blink frogs
  A frost giant simulacrum (Depths:1)
  A slime creature (shapeshifter) (Vaults:5)
  A centaur simulacrum (D:12)
  2 air elementals
  29 jumping spiders
  A black mamba zombie (Crypt:1)
  15 culicivoras
  6 wyverns
  13 water elementals
  Eustachio (D:6)
  44 yaks
  21 wraiths
  A fire elemental (Elf:3)
  A steam dragon (D:6)
  8 basilisks
  5 fire bats (Volcano)
  3 golden eyes
  59 redbacks
  15 vampire mosquitoes
  A fire bat zombie (Crypt:1)
  A two-headed ogre zombie (Crypt:1)
  A warg (Orc:1)
  An entropy weaver zombie (Crypt:1)
  3 naga zombies
  A floating eye (Depths:2)
  13 water moccasins
  A merfolk skeleton (Crypt:3)
  3 sky beasts
  36 orc warriors
  An ice beast (D:8)
  4 boggarts (Vaults:2)
  A lindwurm skeleton (Crypt:2)
  15 wolves
  10 centaurs
  9 ogres
  A lemure (D:6)
  A kobold brigand (D:7)
  A phantom (D:6)
  8 bullfrogs
  6 necrophages
  4 scorpions
  A naga simulacrum (Crypt:3)
  3 earth elementals
  9 wights
  2 yak zombies
  A raiju zombie (Crypt:3)
  7 killer bees (D:9)
  A howler monkey (D:11)
  5 electric eels
  5 lava snakes (Volcano)
  A hound (D:4)
  A gnoll bouda (D:5)
  25 orc priests
  2 jellies
  2 sleepcaps
  Terence (D:2)
  A black bear skeleton (Crypt:3)
  Jessica (D:3)
  3 iguanas (D:10)
  33 orc wizards
  An acid dragon zombie (Crypt:1)
  An ogre skeleton (Crypt:3)
  A hound zombie (Crypt:3)
  A naga skeleton (Crypt:3)
  2 mummies (Crypt:3)
  9 gnolls
  9 adders
  A white imp (D:5)
  An ufetubus (D:5)
  A lava snake zombie (Crypt:1)
  A worm (D:3)
  84 orcs
  6 ball pythons
  3 bats
  11 endoplasms
  3 giant cockroaches
  17 goblins
  11 hobgoblins
  5 jackals
  14 kobolds
  4 quokkas
  3 frilled lizards
  A frilled lizard zombie (Crypt:2)
  A jackal skeleton (Crypt:2)
  8 rats
  A rat skeleton (Crypt:2)
1960 creatures vanquished.

Vanquished Creatures (collateral kills)
  An orc priest (Orc:2)
1 creature vanquished.

Vanquished Creatures (others)
  A deep elf elementalist (Elf:3)
  A merfolk (Shoals:4)
  A water elemental (Elf:3)
  A human (Lair:4)
  A ball lightning (Elf:3)
  89 fungi
  402 plants
  16 withered plants (Gauntlet)
512 creatures vanquished.

Grand Total: 2473 creatures vanquished

Notes
Turn   | Place    | Note
-------+----------+-------------------------------------------
     0 | D:1      | holysushi the Demonspawn Monk began the quest for the Orb.
     0 | D:1      | Reached XP level 1. HP: 18/18 MP: 1/1
   235 | D:1      | Gained mutation: You sometimes gain a little power by
                  | taking damage. [demonic ancestry]
   235 | D:1      | Reached XP level 2. HP: 24/24 MP: 2/2
  1169 | D:2      | Gained mutation: You sometimes gain power by taking damage.
                  | [demonic ancestry]
  1169 | D:2      | Reached XP level 3. HP: 29/29 MP: 3/3
  1435 | D:2      | Reached skill level 3 in Dodging
  1790 | D:2      | Identified a scroll of acquirement
  1790 | D:2      | Acquired 623 gold pieces
  1839 | D:3      | Noticed Terence
  1850 | D:2      | Gained mutation: You are partially covered in razor-sharp
                  | scales. (AC +1, Slay +1) [demonic ancestry]
  1850 | D:2      | Reached XP level 4. HP: 25/35 MP: 4/4
  1910 | D:3      | Noticed Jessica
  1912 | D:3      | Killed Jessica
  2361 | D:2      | Killed Terence
  2362 | D:2      | Reached XP level 5. HP: 27/41 MP: 5/5
  2646 | D:3      | Reached skill level 4 in Dodging
  2792 | D:3      | Reached skill level 5 in Short Blades
  2877 | D:3      | Gained mutation: You are mostly covered in razor-sharp
                  | scales. (AC +2, Slay +2) [demonic ancestry]
  2877 | D:3      | Reached XP level 6. HP: 34/47 MP: 6/6
  3432 | D:5      | Entered Level 5 of the Dungeon
  3523 | D:5      | Reached skill level 5 in Dodging
  3541 | D:5      | Gained mutation: You are completely covered in razor-sharp
                  | scales. (AC +3, Slay +3) [demonic ancestry]
  3541 | D:5      | Reached XP level 7. HP: 52/52 MP: 7/7
  3682 | D:4      | Found an iron altar of Okawaru.
  3682 | D:4      | Found a stormy altar of Qazlal.
  3736 | D:5      | Found a runed translucent door.
  3737 | D:5      | Noticed Crazy Yiuf
  4402 | D:6      | Noticed Eustachio
  4415 | D:6      | Killed Eustachio
  4523 | D:6      | Found a staircase to the Ecumenical Temple.
  4594 | Temple   | Entered the Ecumenical Temple
  4697 | Temple   | Became a worshipper of Gozag Ym Sagoz the Greedy
  4837 | D:6      | Gained mutation: You regenerate a little health from kills.
                  | [demonic ancestry]
  4837 | D:6      | Reached XP level 8. HP: 51/58 MP: 8/8
  4933 | D:6      | Noticed Pikel
  5147 | D:6      | Killed Pikel
  5346 | D:6      | Reached skill level 1 in Evocations
  5455 | D:7      | Reached skill level 10 in Short Blades
  5473 | D:7      | Reached XP level 9. HP: 61/65 MP: 9/9
  6033 | D:8      | Noticed a two-headed ogre
  6200 | D:8      | Reached skill level 1 in Shields
  6431 | D:8      | Found a runed translucent gate.
  6432 | D:8      | Found a runed translucent gate.
  6432 | D:8      | Found a runed translucent gate.
  6433 | D:8      | Noticed bronco's ghost (novice MiMo)
  6475 | D:8      | Killed a two-headed ogre
  6476 | D:8      | Reached skill level 7 in Dodging
  6676 | D:8      | Found a sacrificial altar of Ru.
  6996 | D:8      | You fall into a shaft and drop 3 floors!
  7035 | D:11     | Reached skill level 8 in Dodging
  7151 | D:11     | Noticed a cyclops
  7170 | D:11     | Killed a cyclops
  7171 | D:11     | Reached XP level 10. HP: 46/71 MP: 10/10
  7254 | D:11     | Found a runed translucent door.
  7257 | D:11     | Noticed a tengu warrior
  7262 | D:11     | Noticed an ettin
  7262 | D:11     | Noticed a death knight
  7262 | D:11     | Noticed a manticore
  7263 | D:11     | Noticed a centaur warrior
  7263 | D:11     | Noticed a boulder beetle
  7346 | D:11     | Noticed a cyclops
  7347 | D:11     | Identified the +12 dagger "Dragonbane" {flame, rPois rF-
                  | rC++ Int-2}
  7347 | D:11     | Noticed a wizard
  7348 | D:11     | Noticed a manticore
  7393 | D:11     | Found a gate leading to a gauntlet.
  7402 | Gauntlet | Entered a Gauntlet
  7402 | Gauntlet | Found a transporter.
  7402 | Gauntlet | Found a transporter.
  7405 | Gauntlet | Found a transporter.
  7406 | Gauntlet | Found a transporter.
  7408 | Gauntlet | Found a transporter.
  7415 | Gauntlet | Noticed a sixfirhy
  7416 | Gauntlet | Found a transporter.
  7420 | Gauntlet | Found a transporter.
  7429 | Gauntlet | Noticed a wretched star
  7430 | Gauntlet | Found a transporter.
  7521 | Gauntlet | Found a transporter.
  7533 | Gauntlet | Found a transporter.
  7535 | Gauntlet | Found a transporter.
  7545 | Gauntlet | Found a transporter.
  7602 | D:10     | Entered Level 10 of the Dungeon
  7604 | D:10     | Found a staircase to the Orcish Mines.
  7606 | D:10     | Noticed Nergalle
  7801 | D:11     | Reached skill level 9 in Dodging
  7989 | D:10     | Found a bloodstained altar of Trog.
  8281 | D:10     | Found a staircase to the Lair.
  8883 | D:9      | Found a flagged portal.
  8984 | Bailey   | Entered a bailey
  9037 | Bailey   | Reached skill level 10 in Dodging
  9077 | Bailey   | Noticed an orc high priest
  9080 | Bailey   | Noticed a soul eater
  9080 | Bailey   | Noticed a soul eater
  9287 | Bailey   | Acquired an amulet of regeneration
  9353 | Bailey   | Found an iron altar of Okawaru.
  9354 | Bailey   | Noticed an orc knight
  9869 | Bailey   | Killed an orc knight
  9901 | Bailey   | Killed an orc high priest
  9902 | Bailey   | Reached skill level 11 in Dodging
  9902 | Bailey   | Gained mutation: You have a small tail. [demonic ancestry]
  9902 | Bailey   | Reached XP level 11. HP: 69/77 MP: 11/11
 10557 | D:10     | Killed Nergalle
 10574 | Orc:1    | Entered Level 1 of the Orcish Mines
 10574 | Orc:1    | Found Gedwuyqi's Distillery.
 10580 | Orc:1    | Reached skill level 12 in Dodging
 10685 | Orc:2    | Entered Level 2 of the Orcish Mines
 10698 | Orc:2    | Found a staircase to the Elven Halls.
 11006 | Orc:2    | Noticed an orc sorcerer
 11033 | Orc:2    | Killed an orc sorcerer
 11207 | Orc:2    | Found Siach's Antique Weapon Shop.
 11207 | Orc:2    | Noticed an orc sorcerer
 11209 | Orc:2    | Noticed an orc knight
 11211 | Orc:2    | Noticed an orc high priest
 11216 | Orc:2    | Killed an orc sorcerer
 11217 | Orc:2    | Noticed an orc sorcerer
 11217 | Orc:2    | Noticed an orc knight
 11218 | Orc:2    | Noticed an orc high priest
 11235 | Orc:2    | Noticed an orc high priest
 11243 | Orc:2    | Noticed a sun demon
 11244 | Orc:2    | Noticed a soul eater
 11245 | Orc:2    | Killed an orc high priest
 11245 | Orc:2    | Noticed an orc knight
 11246 | Orc:2    | Reached skill level 13 in Dodging
 11247 | Orc:2    | Found Houbemmu's General Store.
 11247 | Orc:2    | Noticed an orc sorcerer
 11247 | Orc:2    | Noticed an orc sorcerer
 11248 | Orc:2    | Noticed a soul eater
 11266 | Orc:2    | Noticed an orc knight
 11273 | Orc:2    | Noticed a sixfirhy
 11277 | Orc:2    | Killed an orc high priest
 11298 | Orc:2    | Killed an orc knight
 11305 | Orc:2    | Killed an orc sorcerer
 11308 | Orc:2    | Killed an orc knight
 11310 | Orc:2    | Killed an orc knight
 11311 | Orc:2    | Reached skill level 14 in Dodging
 11341 | Orc:2    | Noticed a sun demon
 11350 | Orc:2    | Killed an orc high priest
 11351 | Orc:2    | Reached XP level 12. HP: 62/83 MP: 12/12
 11351 | Orc:2    | Found Axathre's Magic Scroll Emporium.
 11601 | Orc:2    | Found Woojeyg's Antique Weapon Emporium.
 11673 | Orc:2    | Bought a scroll of teleportation for 45 gold pieces
 11673 | Orc:2    | Bought a scroll of teleportation for 45 gold pieces
 11673 | Orc:2    | Bought a scroll of brand weapon for 142 gold pieces
 11683 | Orc:2    | Bought a scroll of enchant weapon for 82 gold pieces
 11683 | Orc:2    | Bought a scroll of teleportation for 33 gold pieces
 11683 | Orc:2    | Bought a potion of heal wounds for 55 gold pieces
 11861 | Orc:1    | Noticed an orc warlord
 11880 | Orc:1    | Reached skill level 15 in Dodging
 12038 | Orc:1    | Killed an orc warlord
 12325 | Orc:1    | Reached skill level 5 in Fighting
 12558 | Lair:1   | Entered Level 1 of the Lair of Beasts
 12711 | Lair:1   | Reached skill level 5 in Shields
 12936 | Lair:1   | Noticed Maggie
 12953 | Lair:1   | Killed Maggie
 13348 | Lair:2   | Gained mutation: You have a tail ending in a sharp stinger.
                  | [demonic ancestry]
 13348 | Lair:2   | Reached XP level 13. HP: 96/96 MP: 13/13
 14034 | Lair:2   | Found a hole to the Spider Nest.
 14593 | Lair:3   | Found a staircase to the Shoals.
 14835 | Lair:3   | Found a runed translucent gate.
 14836 | Lair:3   | Found a runed translucent gate.
 14836 | Lair:3   | Found a runed translucent gate.
 14837 | Lair:3   | Noticed Nabski's ghost (journeyman TeFE)
 15018 | Lair:3   | Found a viscous altar of Jiyva.
 15051 | Lair:4   | Noticed Kirke
 15066 | Lair:4   | Killed Kirke
 15135 | Lair:4   | Reached skill level 10 in Fighting
 15186 | Lair:4   | Found a dark tunnel.
 15191 | Volcano  | Entered a volcano
 15382 | Volcano  | Noticed a red draconian
 15383 | Volcano  | Found a burning altar of Makhleb.
 15397 | Volcano  | Killed a red draconian
 15558 | Lair:4   | Reached skill level 10 in Shields
 15612 | Lair:4   | Found a staircase to the Slime Pits.
 15612 | Lair:4   | Found a viscous altar of Jiyva.
 15805 | Lair:4   | You fall into a shaft and drop 1 floor!
 15805 | Lair:5   | Entered Level 5 of the Lair of Beasts
 15837 | Lair:5   | Found an ancient bone altar of Kikubaaqudgha.
 15870 | Lair:5   | Gained mutation: You have a sharp stinger which inflicts
                  | weakening toxins. [demonic ancestry]
 15870 | Lair:5   | Reached XP level 14. HP: 110/110 MP: 14/14
 15983 | Lair:5   | Reached skill level 5 in Stealth
 15983 | Lair:5   | Reached skill level 5 in Evocations
 16318 | Lair:5   | Identified the +2 leather armour "Fogues" {Harm rC- Int+7
                  | Dex-4}
 17087 | Lair:5   | Reached skill level 16 in Dodging
 18330 | D:12     | Noticed Nessos
 18475 | D:12     | Killed Nessos
 18785 | D:12     | Found Ahiudigg's Vocational Training.
 18806 | D:12     | Gained mutation: You regenerate health from kills. [demonic
                  | ancestry]
 18806 | D:12     | Reached XP level 15. HP: 115/115 MP: 15/15
 18829 | D:12     | Bought a manual of Evocations for 1200 gold pieces
 18877 | D:12     | Found the +10 tower shield of Ignorance {rN+ Int-4}
 18967 | D:12     | Noticed Jorgrun
 18983 | D:12     | Killed Jorgrun
 20277 | D:13     | Found a gate to the Vaults.
 20423 | D:14     | Found a stormy altar of Qazlal.
 20615 | D:14     | Reached skill level 10 in Evocations
 21044 | D:15     | Entered Level 15 of the Dungeon
 21923 | D:15     | Found a staircase to the Depths.
 22011 | D:15     | Identified the +2 hand axe of Traps {freeze, rPois}
 22125 | D:15     | Reached skill level 10 in Stealth
 22308 | Shoals:1 | Entered Level 1 of the Shoals
 22378 | Shoals:1 | Reached skill level 17 in Dodging
 22568 | Shoals:1 | Gained mutation: Your magical and physical power is
                  | slightly enhanced at high health. [demonic ancestry]
 22568 | Shoals:1 | Reached XP level 16. HP: 122/122 MP: 16/16
 22696 | Shoals:1 | Identified the +7 flail of Wizapt {heavy, rCorr Dex+2
                  | Stlth+}
 23010 | Shoals:2 | Found Xieravil's Weapon Emporium.
 23423 | Shoals:2 | Identified the +2 shortbow of Keloaf {freeze, Will+}
 24031 | Shoals:3 | Found Amuikiva's CLEARANCE SALE!.
 24041 | Shoals:3 | Bought an amulet of guardian spirit for 120 gold pieces
 24390 | Shoals:4 | Entered Level 4 of the Shoals
 24397 | Shoals:4 | Reached skill level 1 in Spellcasting
 24642 | Shoals:4 | Got a barnacled rune of Zot
 24716 | Shoals:4 | Identified the +7 halberd of Disharmony {venom, Fragile rF+
                  | rC+ rN+++}
 24918 | Shoals:4 | Reached skill level 15 in Shields
 24926 | Shoals:4 | Reached skill level 5 in Spellcasting
 24986 | Shoals:4 | Reached XP level 17. HP: 123/128 MP: 19/25
 25632 | Elf:1    | Entered Level 1 of the Elven Halls
 26125 | Elf:1    | Acquired the +6 Majin-Bo {spellvamp, MP+6 Int+6}
 26125 | Elf:1    | Found the +6 Majin-Bo {spellvamp, MP+6 Int+6}
 27006 | Elf:2    | Found a runed translucent gate.
 27006 | Elf:2    | Found a runed translucent gate.
 27006 | Elf:2    | Found a runed translucent gate.
 27013 | Elf:2    | Reached skill level 10 in Spellcasting
 27120 | Elf:2    | Paralysed by an air elemental for 1 turns
 27226 | Elf:2    | Found a runed translucent door.
 27228 | Elf:2    | Found a burning altar of Makhleb.
 27276 | Elf:2    | Found a radiant altar of Vehumet.
 27576 | Elf:3    | Entered Level 3 of the Elven Halls
 27576 | Elf:3    | Noticed Mara
 27579 | Elf:3    | Paralysed by an air elemental for 1 turns
 27582 | Elf:3    | Noticed holysushi's illusion
 27589 | Elf:3    | Killed Mara
 27776 | Elf:3    | Noticed Donald
 27799 | Elf:3    | Killed Donald
 28053 | Elf:3    | Noticed Asterion
 28068 | Elf:3    | Killed Asterion
 28078 | Elf:3    | Gained mutation: Your magical and physical power is
                  | enhanced at high health. [demonic ancestry]
 28078 | Elf:3    | Reached XP level 18. HP: 94/134 MP: 22/32
 28083 | Elf:3    | Killed the ghostly Asterion
 28089 | Elf:3    | Noticed a Hell Sentinel
 28137 | Elf:3    | Noticed a Tzitzimitl
 28598 | Elf:3    | Identified the +7 short sword of Tenacity {flame, Contam
                  | rF+ rCorr}
 28600 | Elf:3    | Identified the ring of Daffodils {+Blink rPois Will+ Str+6
                  | Dex-3}
 28800 | Elf:3    | Identified the +3 whip "Ugar" {speed, *Slow Will+ Int+3
                  | Dex+3}
 29117 | Elf:3    | Identified the +5 hand axe of Iqeuff {flame, Fly Int+3}
 29119 | Elf:3    | Got the Quarto of Radiant Phlogiston
 29124 | Elf:3    | Got the Omnibus of the Swarm
 29138 | Elf:3    | Got the Guide on Dark Deeds
 29306 | Elf:3    | Identified the amulet "Ruxzehak" {Reflect -Cast Harm Regen+
                  | Dex+2 SH+5}
 29598 | Spider:1 | Entered Level 1 of the Spider Nest
 30013 | Spider:1 | Identified the +2 pair of gloves of a sewer {rElec Will++}
 31538 | Spider:3 | Reached skill level 18 in Dodging
 31844 | Spider:4 | Entered Level 4 of the Spider Nest
 31954 | Spider:4 | Gained mutation: Your magical and physical power is greatly
                  | enhanced at high health. [demonic ancestry]
 31954 | Spider:4 | Reached XP level 19. HP: 140/140 MP: 35/35
 32297 | Spider:4 | Noticed Bai Suzhen
 32314 | Spider:4 | Killed Bai Suzhen
 32570 | Spider:4 | Identified the +3 whip "Baisch" {heavy, rElec Dex+6}
 32853 | Spider:4 | Got a gossamer rune of Zot
 33269 | Depths:1 | Entered Level 1 of the Depths
 33275 | Depths:1 | Bought a pair of twisted gloves for 418 gold pieces
 33275 | Depths:1 | Identified the +1 pair of gloves of Coamel {Will- Str+3
                  | Int+7 Dex-2} (You bought it in a shop on level 1 of the
                  | Depths)
 33275 | Depths:1 | Bought a pair of blackened boots for 418 gold pieces
 33275 | Depths:1 | Identified the +2 pair of boots "Byatuxex" {rPois rN+} (You
                  | bought it in a shop on level 1 of the Depths)
 33525 | Vaults:1 | Entered Level 1 of the Vaults
 33657 | Vaults:1 | Found Toamek's Magic Scroll Emporium.
 33660 | Vaults:1 | Bought a scroll of teleportation for 51 gold pieces
 33660 | Vaults:1 | Bought a scroll of blinking for 127 gold pieces
 33660 | Vaults:1 | Bought a scroll of blinking for 127 gold pieces
 33660 | Vaults:1 | Bought a scroll of blinking for 127 gold pieces
 33660 | Vaults:1 | Bought a scroll of teleportation for 51 gold pieces
 33660 | Vaults:1 | Bought a scroll of magic mapping for 127 gold pieces
 33660 | Vaults:1 | Bought a scroll of fear for 68 gold pieces
 33744 | Vaults:1 | Noticed Zenata
 33754 | Vaults:1 | Found a magical portal.
 33763 | WizLab   | Entered Yara's Duelist Academy
 33955 | WizLab   | Noticed Zuhushrif
 34179 | WizLab   | Got Yara's Almanac of Spellbinding
 34587 | WizLab   | Killed Zuhushrif the Head Instructor
 34588 | WizLab   | Reached skill level 19 in Dodging
 34933 | Vaults:1 | Killed Zenata
 35531 | Vaults:1 | Reached skill level 15 in Spellcasting
 35944 | Vaults:1 | Reached XP level 20. HP: 148/148 MP: 39/39
 36201 | Vaults:2 | Noticed Aizul
 36211 | Vaults:2 | Killed Aizul
 36332 | Vaults:2 | Noticed Xtahua
 36368 | Vaults:2 | Killed Xtahua
 36649 | Vaults:2 | Found Amineoc's Distillery.
 36688 | Vaults:2 | Bought a potion of heal wounds for 100 gold pieces
 36698 | Vaults:2 | Bought a potion of berserk rage for 100 gold pieces
 37203 | Vaults:2 | Identified the +7 rapier of Certain Death {freeze, rElec
                  | MP+9 Str+3 Dex-3}
 37210 | Vaults:2 | Got the Meditations on Harmful Cold
 37291 | Vaults:2 | Got Lom Lobon's Tractate on Geometry
 37996 | Vaults:2 | Upgraded the game from 0.30-a0-867-g305f33218d to
                  | 0.30-a0-870-gc5d4c5acee
 38097 | Vaults:3 | Noticed Nikola
 38108 | Vaults:3 | Killed Nikola
 38143 | Vaults:3 | Reached skill level 20 in Dodging
 38361 | Vaults:3 | Acquired the +0 helmet "Kitroasch" {Dex+5}
 38377 | Vaults:3 | Acquired 666 gold pieces
 38379 | Vaults:3 | Acquired 797 gold pieces
 38911 | Vaults:3 | Found a staircase to the Crypt.
 38911 | Vaults:3 | Found an ancient bone altar of Kikubaaqudgha.
 38912 | Vaults:3 | Found a basalt altar of Yredelemnul.
 39072 | Vaults:3 | Gained mutation: You regenerate a lot of health from kills.
                  | [demonic ancestry]
 39072 | Vaults:3 | Reached XP level 21. HP: 164/164 MP: 40/40
 39479 | Vaults:3 | Found Useseheh's Distillery.
 39505 | Vaults:3 | Bought a potion of heal wounds for 65 gold pieces
 39505 | Vaults:3 | Bought a potion of haste for 130 gold pieces
 39505 | Vaults:3 | Bought a potion of haste for 130 gold pieces
 39505 | Vaults:3 | Bought a potion of heal wounds for 65 gold pieces
 39792 | Vaults:4 | Found Plog's Weapon Shop.
 40082 | Vaults:4 | Reached skill level 21 in Dodging
 40525 | Vaults:4 | Reached skill level 15 in Fighting
 40864 | Vaults:5 | Entered Level 5 of the Vaults
 40989 | Vaults:5 | Noticed a golden dragon
 40992 | Vaults:5 | Identified the ring of Happiness {Ice Will- rCorr Dex+4}
 41052 | Vaults:5 | Killed a golden dragon
 41053 | Vaults:5 | Reached XP level 22. HP: 167/178 MP: 41/41
 41058 | Vaults:5 | Reached skill level 22 in Dodging
 41217 | Vaults:5 | Identified the +1 battleaxe of Income {vamp, Str+3 Dex+2}
 41307 | Vaults:5 | Identified the ring of No Interval {Contam rPois rN++ Str+3
                  | Int+3}
 41472 | Vaults:5 | Got a silver rune of Zot
 42071 | Crypt:1  | Entered Level 1 of the Crypt
 42099 | Crypt:1  | Reached skill level 1 in Long Blades
 42171 | Crypt:1  | Reached skill level 5 in Long Blades
 42451 | Crypt:1  | Noticed an ancient lich
 42463 | Crypt:1  | Killed an ancient lich
 43709 | Crypt:3  | Entered Level 3 of the Crypt
 43709 | Crypt:3  | Identified the ring "Seogois" {Ice Will++}
 43709 | Crypt:3  | Noticed Josephina
 43715 | Crypt:3  | Killed Josephina
 43885 | Crypt:3  | Found a staircase to the Tomb.
 43965 | Crypt:3  | Reached skill level 10 in Long Blades
 44002 | Crypt:3  | Noticed Khufu
 44005 | Crypt:3  | Noticed a royal mummy
 44015 | Crypt:3  | Killed a royal mummy
 44016 | Crypt:3  | Reached XP level 23. HP: 186/186 MP: 42/42
 44020 | Crypt:3  | Killed Khufu
 44147 | Crypt:3  | HP: 8/186 [vampire[a curse skull] (9)]
 44387 | Crypt:3  | Found an ancient bone altar of Kikubaaqudgha.
 45222 | Crypt:3  | Bought the ring "Syiwaxaf" {Will+ Dex+5} for 595 gold
                  | pieces
 45629 | Slime:1  | Entered Level 1 of the Pits of Slime
 45724 | Slime:4  | Reached skill level 23 in Dodging
 45731 | Slime:5  | Entered Level 5 of the Pits of Slime
 45812 | Slime:5  | Found a viscous altar of Jiyva.
 45813 | Slime:5  | Noticed the Royal Jelly
 45851 | Slime:5  | Killed the Royal Jelly
 45934 | Slime:5  | Identified the +3 spear of Fixation {drain, Str+3}
 45955 | Slime:5  | Identified the +8 whip of Barnacled Duty {heavy, rF+ rC+
                  | rN+}
 45968 | Slime:5  | Got a slimy rune of Zot
 46017 | Slime:5  | Identified the +9 shortbow "Ybeuquc" {heavy, rF++ Int-5}
 46487 | Depths:1 | Found Ivviet's General Store.
 46550 | Depths:1 | Found a one-way gate to the infinite horrors of the Abyss.
 46551 | Depths:1 | Found a corrupted altar of Lugonu.
 46621 | Depths:1 | Found a gateway to Hell.
 46948 | Depths:1 | Got the Essays on Rot
 47187 | Depths:1 | Found Vuchy's Gadget Gallery.
 47465 | Depths:1 | Gained mutation: You are powered by pain. [demonic
                  | ancestry]
 47465 | Depths:1 | Reached XP level 24. HP: 201/201 MP: 42/42
 47826 | Depths:2 | Found a hide-covered altar of Uskayaw.
 47955 | Depths:2 | Acquired 1156 gold pieces
 47956 | Depths:2 | Acquired the +4 pair of gloves of Pan-Flutes {rF++ rC++
                  | Int-4}
 48315 | Depths:2 | Noticed Vv
 48322 | Depths:2 | Noticed Grunn
 48335 | Depths:2 | Killed from afar by Vv

Illustrated notes

Levels and vault maps discovered:
D:1:      psy_arrival_spokes, layout_basic, minmay_tetromino_o2
D:2:      minmay_diamond_boxcup, layout_loops_cross
D:3:      minmay_chambers_of_twos, layout_rooms, uniq_terence, uniq_jessica
D:4:      layout_cave_pools, nicolae_overflow_hidden_temple
D:5:      layout_rooms, dk_vineyard_3, guppyfry_early_lair_pool,
          uniq_crazy_yiuf_cottage
D:6:      nicolae_BIG_FREAKIN_CUBE, layout_loops_ring,
          minmay_temple_entry_sparse_star, uniq_eustachio, uniq_pikel
D:7:      layout_basic
D:8:      layout_loops_ring, old_standard_altar, gammafunk_ghost_split,
          dk_noncrumbling_2, kennysheep_generic_room_4
D:9:      layout_basic, enter_bailey_1
D:10:     layout_irregular_city, trog_butcher_becter, dpeg_oklobed_lair,
          minmay_orc_entry_temple_small, uniq_nergalle
D:11:     nicolae_cairo_tiling_large_dashed, layout_loops_ring,
          gauntlet_entry_generic, minmay_st_funbox
D:12:     layout_small_grid, nicolae_shop_vocational, uniq_nessos, uniq_jorgrun
D:13:     layout_basic, david_vaults_5
D:14:     layout_basic, nicolae_qazlal_style_of_elements
D:15:     grunt_enter_depths_snipers, layout_basic,
          roderic_lattice_octagonal_star, evilmike_butchery
Temple:   compressed_dpeg_circular_temple
Lair:1:   layout_long_grid, grunt_megastairs_5, infiniplex_staircase_pool,
          uniq_maggie
Lair:2:   layout_chaotic_city, nicolae_spider_entry_tight_spaces,
          cheibrodos_lair_reptile_den
Lair:3:   layout_hall_layers, elwin_shoals_entry_rooms, gammafunk_ghost_ooze
Lair:4:   layout_regular_city, slime_entry_1, enter_volcano_4,
          chequers_serial_rivers_large_a, uniq_kirke
Lair:5:   evilmike_catoblepas_cave, layout_gridlike, lemuel_oklob_altar
Shoals:1: layout_shoals
Shoals:2: nicolae_shoals_offshore_bank_account, layout_shoals, serial_shops,
          shop, nicolae_shoals_bring_sunscreen
Shoals:3: layout_shoals, nicolae_shoals_land_atoll, nicolae_shop_clearance
Shoals:4: shoals_end_grunt_garden, layout_shoals
Spider:1: layout_spider_delve, hellmonk_motheaten_closet
Spider:2: layout_spider_delve
Spider:3: layout_spider_delve, nicolae_spider_claw_tunnel
Spider:4: grunt_spider_rune_parallel, uniq_bai_suzhen
Slime:1:  layout_caves, cheibrodos_slime_lost_civilization_4
Slime:2:  layout_caves
Slime:3:  layout_caves
Slime:4:  layout_caves
Slime:5
Orc:1:    cheibrodos_orc_arena, layout_caves, serial_shops, shop
Orc:2:    st_orc_elflike, layout_diamond_mine
Elf:1:    minmay_elf_arrival_circle, layout_loops_cross,
          hangedman_elf_represent, roderic_nine_men_s_morris,
          minmay_misc_feat_alley
Elf:2:    elven_hall_of_blades_hangedman_original [nooodl_blade_entry_preview],
          layout_geoelf_grid, basic_altar, hellmonk_bongcloud_opening,
          nicolae_danse_macabre
Elf:3:    minmay_elf_hall_dome, layout_gridlike, serial_aquarium,
          aquarium_bridge_straight [aquarium_subvault_bridge,
          aquarium_subvault_wall, aquarium_subvault_bridge,
          aquarium_subvault_wall], aquarium_bridge_straight
          [aquarium_subvault_bridge, aquarium_subvault_wall,
          aquarium_subvault_bridge, aquarium_subvault_balcony],
          aquarium_window_1, aquarium_window_2, aquarium_window_corner,
          aquarium_view_2f, aquarium_balcony_3a, hangedman_elven_pyramids,
          uniq_mara, uniq_donald, uniq_asterion
Vaults:1: mu_enter_wizlab_3, grunt_vaults_hallway_short, v_misc_24,
          vaults_mumra_minichess, vaults_room_fours, v_alt_pattern_3,
          nicolae_vaults_arrows, v_rooms_6, ontoclasm_vaults_bender,
          nicolae_vaults_little_squares_3, grunt_vaults_bifocal,
          ontoclasm_vaults_tryst, v_misc_27, v_misc_10,
          layout_vaults_maze_bifur, serial_shops, nicolae_shop_behind_doors,
          uniq_zenata
Vaults:2: hangedman_vaults_slither, ontoclasm_vaults_ring_small, v_misc_4,
          nicolae_vaults_c_with_doors, nicolae_vaults_circle_grid_a,
          nicolae_vaults_little_squares_1, vaults_dpeg_encased_lava, v_misc_27,
          layout_vaults_chaotic_city, serial_shops, shop_coins, uniq_xtahua,
          uniq_aizul
Vaults:3: v_pattern_5, nicolae_vaults_what_the_h,
          vaults_mumra_minichess_inversion, minmay_crypt_entry_necro_gods,
          layout_vaults_quadrants, serial_shops, nicolae_shop_stone, uniq_nikola
Vaults:4: v_rooms_3, nicolae_vaults_network_barrier, hangedman_vaults_nodes,
          ontoclasm_vaults_fault, nicolae_vaults_minivaults,
          nicolae_vaults_little_squares_1, nicolae_vaults_asterisk,
          hangedman_vaults_slice, dpeg_vaults_monster_box, vaults_dpeg_cross,
          vaults_room_semicircle, layout_vaults_ring, serial_shops, shop
Vaults:5: serial_shops
Crypt:1:  layout_chaotic_city, grunt_megastairs_3, grunt_crypt_arrival_webbed
Crypt:2:  layout_chaotic_city
Crypt:3:  church_of_pain_bobbens, layout_chaotic_city,
          tomb_entry_simple_bobbens, uniq_khufu, uniq_josephina
Depths:1: minmay_the_grid_plus_closed [minmay_the_grid_airy,
          minmay_the_grid_empty, minmay_the_grid_stretched_grid,
          minmay_the_grid_dragon_b, minmay_the_grid_prize_diamond_cup],
          layout_basic, serial_shops, shop_statue, minmay_misc_feat_x,
          grunt_mini_vestibule, abyss_entry_flame_altar, drop_trap,
          nicolae_shop_gadgets
Depths:2: regret_index_uskayaw_diablada_macabre, layout_basic,
          rand_demon_pan_entry_1, hell_entry, infiniplex_staircase_river,
          uniq_grunn, uniq_vv

Skill      XL: |  1  2  3  4  5  6  7  8  9 10 11 12 13 14 15 16 17 18 19 20 21 22 23 24 |
---------------+-------------------------------------------------------------------------+-----
Short Blades   | 3 4 5 6 8 10 12 14 | 14.0
Dodging        | 3 4 5 8 11 14 15 16 17 18 19 20 21 22 23 | 23.8
Evocations     | 2 4 8 10 | 10.0
Stealth        | 4 8 10 | 10.0
Shields        | 1 3 6 10 12 15 | 15.0
Fighting       | 4 7 10 13 16 19 | 19.5
Spellcasting   | 5 10 12 15 | 15.0
Long Blades    | 10 11 12 | 12.0

Action                     |  1- 3 |  4- 6 |  7- 9 | 10-12 | 13-15 | 16-18 | 19-21 | 22-24 || total
---------------------------+-------+-------+-------+-------+-------+-------+-------+-------++-------
  Melee: Short sword       |    42 |       |       |       |       |       |       |       ||    42
         Dagger            |    67 |   158 |   270 |   531 |   779 |   514 |       |       ||  2319
         Punch             |     2 |     4 |     1 |       |       |       |       |       ||     7
         Tailslap          |       |       |       |    38 |   188 |   226 |   291 |   201 ||   944
         Rapier            |       |       |       |       |       |   585 |  1030 |    78 ||  1693
         Demon blade       |       |       |       |       |       |       |       |   758 ||   758
   Fire: Sling             |       |    18 |     5 |    39 |     4 |       |       |       ||    66
         Longbow           |       |       |    28 |       |       |       |       |       ||    28
 Invoke: Call Merchant     |       |       |       |       |       |       |     8 |     3 ||    11
         Potion Petition   |       |       |       |       |       |       |     4 |     2 ||     6
  Evoke: Wand              |       |       |     2 |    10 |     1 |    10 |       |       ||    23
    Use: Potion            |     1 |       |     1 |     3 |     2 |     2 |     6 |       ||    15
         Scroll            |     4 |       |     9 |    15 |     7 |    13 |     9 |     4 ||    61
   Stab: Sleeping          |    10 |     4 |     4 |     4 |     1 |     2 |       |     3 ||    28
         Distracted        |       |       |     2 |     5 |     9 |    18 |    18 |    26 ||    78
         Invisible         |       |       |       |     1 |       |       |       |       ||     1
         Paralysed         |       |       |       |       |     1 |       |       |       ||     1
 Armour: Robe              |    22 |    15 |    44 |    26 |       |       |       |       ||   107
         Leather armour    |       |       |       |    26 |    73 |    54 |    67 |    29 ||   249
  Dodge: Dodged            |    64 |   103 |   123 |   223 |   394 |   396 |   473 |   319 ||  2095
  Block: Buckler           |       |       |    11 |       |       |       |       |       ||    11
         Kite shield       |       |       |       |   198 |   205 |       |       |       ||   403
         Tower shield      |       |       |       |       |   304 |  1231 |  1203 |   971 ||  3709
         Reflection        |       |       |       |       |       |     2 |    60 |     9 ||    71

Table legend: (Time is in decaauts)
 A = Elapsed time spent in this place.
 B = Non-inter-level travel time spent in this place.
 C = Inter-level travel time spent in this place.
 D = Time resting spent in this place.
 E = Time spent auto-exploring this place.
 F = Levels seen in this place.
 G = Mean time per level.
                   A        B        C        D        E       F      G
               +--------+--------+--------+--------+--------+-----+--------+
         Total |  47071 |  43678 |   3393 |   3328 |  27262 |  53 |  888.1 |
       Dungeon |  14180 |  12786 |   1394 |   1439 |   7885 |  15 |  945.3 |
        Temple |    123 |    107 |     16 |      0 |     58 |   1 |  123.0 |
          Lair |   5216 |   4598 |    618 |      0 |   3507 |   5 | 1043.2 |
        Shoals |   3396 |   3292 |    104 |      0 |   2234 |   4 |  849.0 |
   Spider Nest |   3274 |   3079 |    195 |      0 |   2309 |   4 |  818.5 |
    Slime Pits |    486 |    425 |     61 |      0 |    111 |   5 |   97.2 |
  Orcish Mines |   1937 |   1752 |    185 |     58 |   1058 |   2 |  968.5 |
   Elven Halls |   3630 |   3517 |    113 |    668 |   1789 |   3 | 1210.0 |
        Vaults |   7208 |   6854 |    354 |    568 |   4558 |   5 | 1441.6 |
         Crypt |   3213 |   2949 |    264 |      0 |   1952 |   3 | 1071.0 |
        Depths |   1994 |   1910 |     84 |      0 |   1341 |   2 |  997.0 |
        Bailey |   1028 |   1028 |      0 |    230 |    135 |   1 | 1028.0 |
       Volcano |    310 |    310 |      0 |      0 |    109 |   1 |  310.0 |
        Wizlab |    903 |    903 |      0 |    364 |     74 |   1 |  903.0 |
      Gauntlet |    165 |    165 |      0 |      0 |    139 |   1 |  165.0 |
               +--------+--------+--------+--------+--------+-----+--------+

Top non-repeatable levels by time:
Vaults:2: 1761 daAuts
   Elf:3: 1727 daAuts
Vaults:1: 1635 daAuts
Depths:1: 1528 daAuts
 Crypt:3: 1520 daAuts
Vaults:3: 1516 daAuts
  Lair:5: 1322 daAuts
    D:10: 1319 daAuts
Vaults:4: 1308 daAuts
   Elf:1: 1279 daAuts
    D:11: 1276 daAuts
    D:15: 1221 daAuts
    D:13: 1207 daAuts
   Orc:2: 1175 daAuts
Shoals:4: 1132 daAuts
